 Dungeon Crawl Stone Soup version 0.25.0-26-g0c896c7088 (webtiles) character file.

Game seed: 17766967227856236318

46690 Elvor the Cleaver (level 14, -27/132 HPs)
             Began as a Deep Dwarf Fighter on July 1, 2020.
             Was a High Priest of Elyvilon.
             Blown up by a lich (53 damage)
             ... with a wavering orb of destruction
             ... on level 12 of the Dungeon.
             The game lasted 03:18:34 (16575 turns).

Elvor the Cleaver (Deep Dwarf Fighter)             Turns: 16575, Time: 03:18:34

Health: -27/132    AC: 20    Str: 38    XL:     14   Next: 5%
Magic:  7/9        EV: 11    Int: 17    God:    Elyvilon [*****.]
Gold:   2262       SH: 21    Dex: 15    Spells: 19/21 levels left

rFire    . . .     SeeInvis +   d - +0 broad axe
rCold    . . .     Gourm    .   D - +0 tower shield
rNeg     + . .     Faith    .   F - +0 plate armour
rPois    +         Spirit   .   (no helmet)
rElec    .         Reflect  .   l - +0 cloak
rCorr    .         Harm     .   G - +2 pair of gloves {Str+3}
MR       ++...                  O - +0 pair of boots
Stlth    ..........             (no amulet)
HPRegen  0.00/turn              a - ring "Fazisch" {*Drain Str+7 Int+4 Dex+3 Stlth-}
MPRegen  0.11/turn              I - ring "Cebaig" {rPois Str+3 Int+4 SInv}

@: non-regenerating, lightly drained
A: damage resistance, heal wounds, negative energy resistance 1, sense
surroundings 2, no regeneration
a: Heal Wounds, Lesser Healing, Heal Other, Purification, Greater Healing,
Divine Vigour, Divine Protection, Renounce Religion


You were on level 12 of the Dungeon.
You worshipped Elyvilon.
Elyvilon was extremely pleased with you.
You were not hungry.

You visited 4 branches of the dungeon, and saw 21 of its levels.
You also visited: Bailey.

You collected 2340 gold pieces.
You spent 78 gold pieces at shops.

Inventory:

Hand Weapons
 d - a +0 broad axe (weapon)
Missiles
 k - 75 poisoned darts (quivered)
 t - 28 boomerangs
Armour
 l - a +0 cloak (worn)
 D - a +0 tower shield (worn)
 F - a +0 plate armour (worn)
 G - a +2 pair of gloves of strength (worn)
 O - a +0 pair of boots (worn)
Jewellery
 a - the ring "Fazisch" (left hand) {*Drain Str+7 Int+4 Dex+3 Stlth-}
   (You found it in a bailey)

   [ring of attention]

   It affects your strength (+7).
   It affects your intelligence (+4).
   It affects your dexterity (+3).
   It causes draining when unequipped.
   It makes you less stealthy.
 I - the ring "Cebaig" (right hand) {rPois Str+3 Int+4 SInv}
   (You found it on level 2 of the Lair of Beasts)

   [ring of poison resistance]

   It affects your strength (+3).
   It affects your intelligence (+4).
   It protects you from poison.
   It lets you see invisible.
 V - a +4 ring of evasion
Wands
 h - a wand of digging (2)
 i - a wand of disintegration (9)
 B - a wand of enslavement (8)
 W - a wand of flame (11)
 X - a wand of iceblast (16)
Scrolls
 e - a scroll of immolation
 j - 3 scrolls of enchant weapon
 m - 3 scrolls of blinking
 o - 6 scrolls of teleportation
 q - 7 scrolls of remove curse
 r - 3 scrolls of magic mapping
 C - 5 scrolls of fear
 E - a scroll of noise {unknown}
 J - a scroll of torment {unknown}
 L - 3 scrolls of amnesia
 P - 2 scrolls of fog
 R - 5 scrolls of enchant armour
 Y - 2 scrolls of vulnerability
Potions
 n - 5 potions of flight
 s - 14 potions of curing
 u - 4 potions of brilliance
 v - 2 potions of haste
 z - 5 potions of lignification
 K - a potion of cancellation {unknown}
 M - a potion of invisibility {unknown}
 N - a potion of stabbing
 Q - a potion of berserk rage {unknown}
 T - a potion of resistance {unknown}
 Z - a potion of ambrosia
Comestibles
 f - 28 rations


   Skills:
 * Level 10.1(9.9) Fighting
 + Level 12.8(12.6) Axes
 * Level 7.3(7.1) Throwing
 + Level 9.0(8.8) Armour
 * Level 8.9(8.7) Dodging
 + Level 0.9(0.7) Stealth
 + Level 10.6(10.4) Shields
 * Level 4.3(4.1) Spellcasting
 * Level 6.0(5.8) Translocations
 * Level 7.8(7.7) Invocations
 + Level 2.6(2.5) Evocations


You had 19 spell levels left.
You knew the following spells:

 Your Spells              Type           Power        Failure   Level  Hunger
a - Blink                 Tloc           N/A          58%         2    ##.....

Your spell library contained the following spells:

 Spells                   Type           Power        Failure   Level  Hunger
 Shroud of Golubria       Chrm/Tloc      ##....       94%         2    ##.....
 Foxfire                  Conj/Fire      #...         99%         1    None
 Infusion                 Chrm           #...         99%         1    None
 Magic Dart               Conj           #...         99%         1    None
 Summon Small Mammal      Summ           #...         99%         1    None
 Recall                   Summ/Tloc      N/A          99%         3    ###....
 Call Imp                 Summ           #.......     100%        2    ##.....
 Searing Ray              Conj           #.....       100%        2    ##.....
 Slow                     Hex            #.......     100%        2    ##.....
 Song of Slaying          Chrm           #.......     100%        2    ##.....
 Call Canine Familiar     Summ           #.......     100%        3    ###....
 Conjure Flame            Conj/Fire      #.......     100%        3    ###....
 Dazzling Flash           Conj/Hex       #.....       100%        3    ###....
 Inner Flame              Hex/Fire       #.......     100%        3    ###....
 Mephitic Cloud           Conj/Pois/Air  #.......     100%        3    ###....
 Ozocubu's Armour         Chrm/Ice       #.......     100%        3    ###....
 Spectral Weapon          Hex/Chrm       #.......     100%        3    ###....
 Summon Guardian Golem    Hex/Summ       #.......     100%        3    ###....
 Cause Fear               Hex            #.........   100%        4    ####...
 Fulminant Prism          Conj/Hex       #.........   100%        4    ####...
 Ice Form                 Ice/Tmut       #.......     100%        4    ####...
 Iskenderun's Mystic Bla  Conj/Tloc      ##......     100%        4    ####...
 Sticky Flame             Conj/Fire      #.......     100%        4    ####...
 Summon Ice Beast         Ice/Summ       #.......     100%        4    ####...
 Summon Lightning Spire   Summ/Air       #.......     100%        4    ####...
 Aura of Abjuration       Summ           #.........   100%        5    ######.
 Fireball                 Conj/Fire      #.........   100%        5    ######.
 Silence                  Hex/Air        #.........   100%        5    ######.
 Summon Demon             Summ           #.........   100%        5    ######.
 Summon Forest            Summ/Tloc      ##........   100%        5    ######.
 Summon Mana Viper        Hex/Summ       #.......     100%        5    ######.
 Yara's Violent Unravell  Hex/Tmut       #.........   100%        5    ######.
 Shadow Creatures         Summ           N/A          100%        6    #######
 Ring of Flames           Chrm/Fire      #.........   100%        7    #######
 Discord                  Hex            #.........   100%        8    #######


Dungeon Overview and Level Annotations

Branches:
Dungeon (13/15)            Temple (1/1) D:7            Lair (6/6) D:9
 Shoals (0/4) Lair:2       Spider (0/4) Lair:4        Slime (0/5) Lair:5
    Orc (1/2) D:12         Bailey (visited)
 Vaults: D:13-14

Altars:
Ashenzari
Cheibriados
Dithmenos
Elyvilon
Fedhas
Gozag
Hepliaklqana
Kikubaaqudgha
Makhleb
Nemelex Xobeh
Okawaru
Qazlal
Ru
Sif Muna
Trog
Uskayaw
Vehumet
Wu Jian
Xom
Yredelemnul
Zin
The Shining One

Shops:
D:5 %   D:7 *(   D:12 (

Annotations:
D:12 1 runed translucent door, Ananasrisotto's ghost, journeyman MiHu


Innate Abilities, Weirdness & Mutations

You are resistant to damage.
You can heal yourself by infusing magical energy.
You resist negative energy. (rN+)
You passively map the area around you.
You do not regenerate.


Message History

The lich is almost destroyed.
The lich touches you but does no damage.
The flayed ghost cries, "Suffer as I suffered!"
You block the lich's attack.
You hit the lich.
The lich is almost destroyed.
You block the lich's attack.
The lich conjures a glowing orb.
The orb of destruction hits a rock wall.
You hit the lich.
The lich is almost destroyed.
The lich conjures a glowing orb.
An orb of destruction comes into view.
You closely miss the lich.
The lich is almost destroyed.
You block the lich's attack.
You hit the lich.
The lich is almost destroyed.
The wavering orb of destruction hits you!!!
You die...

######## .......#
######.# ######.###
.......)V#########
######.#.CzVWVWL○#
#.#########@###########
#L# #...........#
######W# #..########.#
.....*V# #..# #(#
.##L#zW# #..# #.#
.#*W##.#########..# #.#
.#♣V##...........[# #.#
.#zWZ###########.## #.#
##C♣.# #.# #.#


You could see a lich (fast), a skeletal warrior, a flayed ghost, a cyclops, 2
vampires and Ananasrisotto's ghost.

Vanquished Creatures
  A tengu reaver (D:12)
  2 hydras (Lair:5)
  Urug (Lair:4)
  2 unseen horrors
  An orc sorcerer (D:8)
  Pikel (D:7)
  3 orc knights (Bailey)
  An ugly thing (D:11)
  2 deep elf magi (D:12)
  An elephant (Lair:6)
  8 black mambas
  A merfolk siren (Lair:2)
  A centaur zombie (D:13)
  12 spiny frogs
  2 rime drakes
  2 freezing wraiths (D:12)
  9 komodo dragons
  3 merfolk (Lair:2)
  The ghost of barott the Chopper, an amateur HOFi of Beogh (D:4)
  12 polar bears
  4 jumping spiders (Lair:4)
  2 trolls
  11 blink frogs
  3 raiju (Lair:6)
  A slime creature (D:12)
  7 hippogriffs
  2 wyverns
  31 yaks
  A basilisk (Lair:4)
  2 hungry ghosts
  18 wargs
  A soldier ant (D:12)
  Duvessa (D:6)
  7 water moccasins
  7 porcupines
  5 ice beasts
  14 hell hounds (Lair:6)
  10 orc warriors
  5 sky beasts
  5 phantoms
  11 black bears (Lair:6)
  The ghost of Winsalot the Skirmisher, an amateur DsFi (D:3)
  3 necrophages
  3 centaurs
  7 ogres
  13 wolves (Lair:6)
  17 crocodiles
  2 big kobolds
  4 bullfrogs
  A wyvern zombie (D:13)
  A wyvern skeleton (D:11)
  4 scorpions
  Dowan (D:6)
  4 killer bees (D:11)
  8 wights
  3 electric eels
  5 howler monkeys
  6 crimson imps
  5 jellies
  A quasit (D:13)
  A bullfrog zombie (D:12)
  13 hounds
  6 orc priests
  A bullfrog skeleton (D:4)
  2 centaur skeletons
  6 orc wizards
  9 worker ants
  2 bullfrog simulacra (D:8)
  2 hound zombies
  3 gnolls (Bailey)
  A howler monkey skeleton (D:4)
  3 worker ant zombies (D:7)
  13 adders
  3 shadow imps
  3 white imps (D:8)
  A worker ant simulacrum (D:8)
  2 ufetubi (D:8)
  3 oozes
  2 adder skeletons
  2 worms (D:2)
  A dart slug (D:3)
  An adder simulacrum (D:8)
  3 leopard geckos
  56 orcs
  3 ball pythons
  4 bats
  6 giant cockroaches
  9 goblins
  8 hobgoblins
  3 jackals (D:4)
  16 kobolds
  5 quokkas
  5 frilled lizards (D:2)
  A leopard gecko simulacrum (D:8)
  A leopard gecko skeleton (D:6)
  A quokka skeleton (D:7)
  8 rats
  3 fungi
  6 plants
521 creatures vanquished.

Vanquished Creatures (others)
  A slave (D:7)
  An orc priest (D:7)
  An orc wizard (D:7)
  3 orcs
  2 fungi
  12 plants
20 creatures vanquished.

Grand Total: 541 creatures vanquished

Notes
Turn   | Place    | Note
-------+----------+-------------------------------------------
     0 | D:1      | Elvor the Deep Dwarf Fighter began the quest for the Orb.
     0 | D:1      | Reached XP level 1. HP: 20/20 MP: 1/1
   152 | D:1      | Reached XP level 2. HP: 21/28 MP: 2/2
   581 | D:1      | Reached XP level 3. HP: 25/34 MP: 3/3
   585 | D:2      | Reached skill level 3 in Axes
   688 | D:2      | Reached XP level 4. HP: 24/42 MP: 4/4
   961 | D:3      | You fall into a shaft and drop 2 floors!
   961 | D:5      | Entered Level 5 of the Dungeon
   961 | D:5      | Found a blossoming altar of Fedhas.
   975 | D:5      | Reached skill level 4 in Axes
   975 | D:5      | Reached XP level 5. HP: 41/50 MP: 5/5
  1033 | D:5      | Reached skill level 1 in Dodging
  1049 | D:5      | Found a shadowy altar of Dithmenos.
  1075 | D:5      | Noticed a phantom
  1093 | D:5      | Reached XP level 6. HP: 26/57 MP: 6/6
  1107 | D:5      | Reached skill level 5 in Axes
  1314 | D:4      | Found a runed translucent door.
  1316 | D:4      | Noticed barott's ghost (amateur HOFi)
  1577 | D:3      | Found a large runed translucent door.
  1577 | D:3      | Found a large runed translucent door.
  1616 | D:3      | Noticed Winsalot's ghost (amateur DsFi)
  1688 | D:3      | Reached XP level 7. HP: 21/66 MP: 6/6
  2093 | D:3      | Killed Winsalot's ghost
  2093 | D:3      | Reached skill level 6 in Axes
  2281 | D:4      | Found a runed translucent door.
  2399 | D:4      | Reached skill level 5 in Armour
  2656 | D:4      | Killed barott's ghost
  2656 | D:4      | Reached skill level 5 in Fighting
  2656 | D:4      | Reached skill level 5 in Shields
  2656 | D:4      | Reached XP level 8. HP: 50/74 MP: 7/7
  2789 | D:5      | Reached skill level 7 in Axes
  3048 | D:5      | Found Kegakhlakh's Food Emporium.
  3450 | D:6      | Reached skill level 8 in Axes
  3717 | D:6      | Found a shimmering altar of Xom.
  3718 | D:6      | Found a hazy altar of Hepliaklqana.
  3719 | D:6      | Noticed a spectral ugly thing
  3893 | D:6      | Noticed Dowan
  3894 | D:6      | Noticed Duvessa
  3905 | D:6      | Killed Dowan
  3914 | D:6      | Killed Duvessa
  3914 | D:6      | Gained mutation: You passively map the area around you.
                  | [Deep Dwarf growth]
  3914 | D:6      | Reached XP level 9. HP: 29/82 MP: 7/7
  4458 | D:7      | Found Wonyrph's Assorted Antiques.
  4466 | D:7      | Bought a potion of curing for 78 gold pieces
  4711 | D:7      | Found Kylerph's Antique Weapon Boutique.
  4836 | D:7      | Noticed Pikel
  4848 | D:7      | Killed Pikel
  4848 | D:7      | Reached skill level 1 in Throwing
  4940 | D:7      | Reached skill level 9 in Axes
  5075 | D:7      | Killed an unseen horror
  5419 | D:7      | Found a staircase to the Ecumenical Temple.
  5425 | Temple   | Entered the Ecumenical Temple
  5636 | Temple   | Became a worshipper of Elyvilon the Healer
  5878 | D:8      | Noticed a polar bear
  5894 | D:8      | Killed a polar bear
  5894 | D:8      | Reached XP level 10. HP: 52/94 MP: 3/3
  5947 | D:8      | You fall into a shaft and drop 1 floor!
  6309 | D:8      | Reached * piety under Elyvilon
  6561 | D:8      | Reached skill level 10 in Axes
  6577 | D:8      | Reached skill level 5 in Dodging
  6774 | D:8      | Noticed an orc sorcerer
  6775 | D:8      | Noticed an orange demon
  6781 | D:8      | Noticed a rust devil
  6829 | D:8      | Noticed a rust devil
  6839 | D:8      | Noticed an orange demon
  6845 | D:8      | Paralysed by an orc sorcerer for 4 turns
  6851 | D:8      | Killed an orc sorcerer
  7077 | D:9      | Found a staircase to the Lair.
  7095 | D:9      | Reached XP level 11. HP: 51/103 MP: 2/2
  7261 | D:9      | Found a sacrificial altar of Ru.
  7287 | D:9      | Reached ** piety under Elyvilon
  7478 | D:9      | Reached skill level 1 in Invocations
  8090 | D:10     | Entered Level 10 of the Dungeon
  8381 | D:10     | Killed an unseen horror
  8518 | D:10     | Found a shadowy altar of Dithmenos.
  8629 | D:10     | Reached *** piety under Elyvilon
  9102 | D:11     | Reached skill level 1 in Evocations
  9402 | D:11     | Noticed a red ugly thing
  9423 | D:11     | Killed a red ugly thing
  9480 | D:11     | Learned a level 2 spell: Blink
  9753 | D:12     | Noticed a deep elf mage
  9758 | D:12     | Killed a deep elf mage
  9790 | D:12     | Noticed a deep elf mage
  9800 | D:12     | Noticed a soul eater
  9823 | D:12     | Killed a deep elf mage
  9823 | D:12     | Reached skill level 1 in Translocations
  9828 | D:12     | Reached skill level 1 in Spellcasting
  9852 | D:12     | Noticed a lich
  9852 | D:12     | Noticed Ananasrisotto's ghost (journeyman MiHu)
  9853 | D:12     | Noticed a skeletal warrior
  9853 | D:12     | Noticed a necromancer
  9853 | D:12     | Noticed a tengu reaver
  9853 | D:12     | Noticed a flayed ghost
  9882 | D:12     | Found a runed translucent door.
  9894 | D:12     | Found a runed translucent door.
  9896 | D:12     | Got a steaming tower shield
  9916 | D:12     | Identified the +0 tower shield of Cloud Cover {Harm MR+
                  | Slay-3} (You found it on level 12 of the Dungeon)
  9930 | D:12     | Found a staircase to the Orcish Mines.
  9934 | D:12     | Found Rantergh's Antique Weapon Shoppe.
 10762 | D:13     | Reached skill level 5 in Throwing
 10879 | D:12     | Elyvilon protects you from harm!
 10927 | D:12     | Reached skill level 11 in Axes
 11012 | Lair:1   | Entered Level 1 of the Lair of Beasts
 11364 | Lair:1   | Reached **** piety under Elyvilon
 11377 | Lair:1   | Reached XP level 12. HP: 80/112 MP: 4/4
 12128 | Lair:2   | Identified Ogij's Tome of the Congealing Escort
 12166 | Lair:2   | Got a glittering copper ring
 12168 | Lair:2   | Identified the ring "Cebaig" {rPois Str+3 Int+4 SInv} (You
                  | found it on level 2 of the Lair of Beasts)
 12317 | Lair:2   | Reached skill level 5 in Invocations
 12335 | Lair:2   | Found a staircase to the Shoals.
 13011 | Lair:4   | Reached ***** piety under Elyvilon
 13103 | Lair:4   | Found a hole to the Spider Nest.
 13368 | Lair:4   | Noticed Urug
 13388 | Lair:4   | Killed Urug
 13699 | Lair:4   | Identified the Reference Book on Helpful Attacks
 13932 | Lair:5   | Reached XP level 13. HP: 114/121 MP: 6/6
 13966 | Lair:5   | Found a staircase to the Slime Pits.
 14260 | Lair:5   | Reached skill level 12 in Axes
 14451 | Lair:5   | Reached skill level 10 in Shields
 14676 | Lair:6   | Entered Level 6 of the Lair of Beasts
 15176 | Lair:6   | Reached skill level 5 in Translocations
 15800 | Lair:6   | Reached skill level 10 in Fighting
 16207 | Orc:1    | Entered Level 1 of the Orcish Mines
 16207 | Orc:1    | Found a flagged portal.
 16225 | Bailey   | Entered a bailey
 16358 | Bailey   | Got an iridescent great sword
 16381 | Bailey   | Got a scorched silver ring
 16383 | Bailey   | Identified the ring "Fazisch" {*Drain Str+7 Int+4 Dex+3
                  | Stlth-} (You found it in a bailey)
 16390 | Bailey   | Identified the +7 great sword of Pain and Death {drain,
                  | Str+5 Dex+4} (You found it in a bailey)
 16461 | Orc:1    | Gained mutation: You resist negative energy. (rN+) [Deep
                  | Dwarf growth]
 16461 | Orc:1    | Reached XP level 14. HP: 122/132 MP: 9/9
 16544 | D:12     | Killed a tengu reaver
 16575 | D:12     | Blown up by a lich

Illustrated notes

Levels and vault maps discovered:
D:1:      kennysheep_arrival_seaside, layout_loops_cross
D:2:      layout_rooms, minmay_misc_feat_pillars
D:3:      layout_loops_ring, ebering_ghost_disaster_area, first_ration
D:4:      layout_rooms, ebering_ghost_sewer_f, hangedman_glass_garden
D:5:      layout_basic, kennysheep_mini_moat, serial_shops, shop, fedhas_altar_3
D:6:      layout_basic, regret_index_temple_of_mockery, eino_tiny_chamber,
          uniq_duvessa
D:7:      layout_loops_corners, minmay_temple_entry_enclosed_plants,
          serial_shops, shop_fountains, shop, uniq_pikel
D:8:      lemuel_castle_with_subvaults [lemuel_castle_interior_carwin_1],
          layout_loops_cross, serial_ice, serial_ice_i, serial_ice_e,
          serial_ice_h, serial_ice_g, serial_ice_n, serial_ice_b
D:9:      layout_irregular_city, nicolae_ru_awakened_eye, david_lair_shrubbed
D:10:     layout_cave_pods, grunt_dithmenos_smoke_and_mirrors
D:11:     layout_rooms
D:12:     layout_loops_ring, orc_0_dummy, serial_shops, shop,
          muffindrake_ghost_dual_entry
D:13:     layout_cave_pools, serial_shops, shop
Temple:   dpeg_five_rooms_temple
Lair:1:   layout_misc_corridors
Lair:2:   layout_hall_layers, elwin_shoals_entry_stream
Lair:3:   layout_cave_shapes, serial_bayou_shore_a, grunt_megastairs_3
Lair:4:   layout_regular_city, spider_nest_entry_funnel_web, wad_woods_road_01,
          beast_lair_carwin_11, grunt_megastairs_5, uniq_urug
Lair:5:   layout_regular_city, nicolae_slime_entry_slimehenge,
          infiniplex_staircase_pool
Lair:6:   hangedman_lair_caniforms_friends, layout_cave_pods,
          serial_bayou_pond_b
Orc:1:    layout_caves, enter_bailey_2

Skill      XL: |  1  2  3  4  5  6  7  8  9 10 11 12 13 14 |
---------------+-------------------------------------------+-----
Fighting       | 3 4 5 6 7 8 9 10 | 10.1
Axes           | 3 4 5 6 8 9 10 11 12 | 12.8
Armour         | 4 5 6 7 8 9 |  9.0
Dodging        | 1 2 3 5 6 7 8 |  8.9
Shields        | 4 5 6 7 9 10 | 10.6
Throwing       | 2 4 5 6 7 |  7.3
Invocations    | 4 6 7 |  7.8
Evocations     | 2 |  2.6
Translocations | 2 4 5 6 |  6.0
Spellcasting   | 1 3 4 |  4.3
Stealth        | |  0.9

Action                   |  1- 3 |  4- 6 |  7- 9 | 10-12 | 13-15 || total
-------------------------+-------+-------+-------+-------+-------++-------
Melee: War axe           |    97 |   213 |   440 |  1163 |       ||  1913
       Broad axe         |       |       |       |   145 |   606 ||   751
Throw: Dart              |       |       |       |     6 |       ||     6
Invok: Lesser Healing    |       |       |       |   118 |   100 ||   218
       Greater Healing   |       |       |       |       |     1 ||     1
 Abil: Heal Wounds       |       |     3 |    18 |    23 |     1 ||    45
Evoke: Wand              |       |       |       |       |    20 ||    20
  Use: Potion            |       |       |     2 |     5 |     1 ||     8
       Scroll            |       |       |     9 |     8 |     6 ||    23
 Stab: Distracted        |       |       |       |       |     1 ||     1
  Eat: Chunk             |       |     3 |     6 |    17 |    17 ||    43
       Ration            |       |       |     4 |     9 |     3 ||    16
Armor: Scale mail        |    50 |    96 |    20 |       |       ||   166
       Chain mail        |       |       |   134 |       |       ||   134
       Plate armour      |       |       |    17 |   608 |   335 ||   960
Dodge: Dodged            |    38 |    75 |    71 |   304 |   417 ||   905
Block: Kite shield       |    47 |   102 |    77 |       |       ||   226
       Tower shield      |       |       |   178 |  1258 |   916 ||  2352
